 Dungeon Crawl Stone Soup version 0.30-a0-728-gc68057be0a (webtiles) character file.

Game seed: 1245157415156823768

790 Fenrisus the Insei (level 7, -2/46 HPs)
             Began as an Octopode Transmuter on Jan 30, 2023.
             Was an Initiate of Gozag.
             Slain by an orc wizard
             ... wielding a +3 dagger
              (3 damage)
             ... on level 5 of the Dungeon.
             The game lasted 00:18:17 (5651 turns).

Fenrisus the Insei (Octopode Transmuter)            Turns: 5651, Time: 00:18:17

Health: -2/46      AC:  1    Str: 10    XL:     7   Next: 87%
Magic:  12/12      EV: 14    Int: 15    God:    Gozag
Gold:   336        SH:  0    Dex: 14    Spells: 9/13 levels left

rFire   + . .      SeeInvis .    i - +4 quarterstaff (chaos)
rCold   x . .      Faith    .    (shield currently unavailable)
rNeg    . . .      Spirit   .    (helmet currently unavailable)
rPois   .          Reflect  .    (no amulet)
rElec   .          Harm     .    c - ring of fire
rCorr   .          Rampage  .    (no ring)
Will    .....                    (no ring)
Stlth   +++                      (no ring)
HPRegen 0.27/turn                (no ring)
MPRegen 0.13/turn                (no ring)
                                 (no ring)
                                 (no ring)

@: lethally poisoned (-2 -> -5), appendages, gold aura
A: tentacle spike 3, almost no armour, amphibious, 8 rings, camouflage 1,
gelatinous body 1, (nimble swimmer 1), tentacles
a: End Transformation, Renounce Religion, Potion Petition, Call Merchant, Bribe
Branch


You were on level 5 of the Dungeon.
You worshipped Gozag.
Gozag was aware of your devotion.
One of your tentacles had grown a beastly spike.
You visited 2 branches of the dungeon, and saw 6 of its levels.

You collected 376 gold pieces.
You paid 40 gold pieces to Gozag.

Inventory:

Hand Weapons
 i - a +4 quarterstaff of chaos (weapon)
Jewellery
 c - a ring of fire (left tentacle)
Wands
 j - a wand of iceblast (8)
Scrolls
 d - a scroll of enchant weapon
 e - a scroll of vulnerability {unknown}
 f - 2 scrolls of amnesia
 k - a scroll of identify
Potions
 a - a potion of mutation {unknown}
 b - 2 potions of heal wounds {unknown}
 g - a potion of flight {unknown}
 h - 3 potions of attraction {unknown}
 l - a potion of cancellation {unknown}
 p - a potion of lignification


   Skills:
 + Level 3.6 Fighting
 + Level 4.1 Dodging
 - Level 3.0 Stealth
 + Level 4.8 Unarmed Combat
 + Level 3.7 Spellcasting
 + Level 4.0 Transmutations


You had 9 spell levels left.
You knew the following spells:

 Your Spells              Type           Power      Damage    Failure   Level
a - Beastly Appendage     Tmut           28%        N/A       3%          1
b - Spider Form           Tmut/Pois      8%         N/A       24%         3

Your spell library contained the following spells:

 Spells                   Type           Power      Damage    Failure   Level
 Wereblood                Tmut           14%        N/A       5%          2
 Lesser Beckoning         Tloc           4%         N/A       28%         2
 Dazzling Flash           Conj/Hex       4%         N/A       50%         3
 Gell's Gravitas          Tloc           2%         N/A       50%         3
 Teleport Other           Tloc           2%         N/A       50%         3
 Ice Form                 Ice/Tmut       8%         N/A       63%         4
 Agony                    Necr           2%         N/A       99%         5
 Silence                  Hex/Air        1%         N/A       99%         5
 Conjure Ball Lightning   Conj/Air       1%         3x3d6     100%        6
 Discord                  Hex            1%         N/A       100%        8
 Disjunction              Tloc           1%         N/A       100%        8


Dungeon Overview and Level Annotations

Branches:
Dungeon (5/15)             Temple (1/1) D:4

Altars:
Ashenzari
Dithmenos
Elyvilon
Fedhas
Gozag
Hepliaklqana
Kikubaaqudgha
Nemelex Xobeh
Okawaru
Qazlal
Sif Muna
Trog
Uskayaw
Vehumet
Wu Jian
Yredelemnul
Zin


Innate Abilities, Weirdness & Mutations

One of your tentacles has grown a beastly spike.
You cannot wear most types of armour.
You are amphibious.
You can wear up to eight rings at the same time.
Your skin changes colour to match your surroundings (Stealth+).
Your rubbery body absorbs attacks. (AC +1, EV +1)
((You are camouflaged when in or above water. (Stealth+)))
You have tentacles for arms and can constrict up to eight enemies at once.


Message History

The scorpion barely misses you. The scorpion stings you.
You are more poisoned.
The scorpion poisons you!
You feel better.
You constrict the scorpion, but do no damage.
The scorpion misses you.
Casting: Spider Form (quite dangerous; 26% risk of failure)
Confirm with . or Enter, or press ? or * to list all spells.
One of your tentacles grows a vicious spike.
You constrict the scorpion.
The scorpion stings you but does no damage.
The scorpion barely misses you.
You hear some strange, mumbled words.
You are confused.
You release your grip on the scorpion.
The scorpion completely misses you.
You hit the scorpion.
The scorpion is almost dead.
The scorpion stings you.
You are poisoned.
The scorpion poisons you! The scorpion stings you.
Something hits you but does no damage.
You feel very sick. The scorpion barely misses you.
The scorpion closely misses you.
You hit the scorpion.
You kill the scorpion!
You feel sick. Something hits you.
* * * LOW HITPOINT WARNING * * *
Your Transmutations skill increases to level 4!
Something hits you.
* * * LOW HITPOINT WARNING * * *
You feel less confused.
* * * LOW HITPOINT WARNING * * *
You feel sick.
You hear some strange, mumbled words.
A puff of flame appears from out of thin air!
The puff of flame misses you.
* * * LOW HITPOINT WARNING * * *
You feel sick. Something hits you.
You die...
Your body crumbles into a pile of gold.

.........................#
......<..................#
....................##
...................#.
................###
..............###
##............### ###
##.............####.#
##......<@......##.##
#......{...........#
#....$.##..........#
##..$..########..###
#..$.....# #...#
##..##......#...##
#..######.......# ##..#
###..... #######..##
###.##


There were no monsters in sight!

Vanquished Creatures
  Blork the orc (D:5)
  A necrophage (D:5)
  2 scorpions
  A hound (D:5)
  2 jellies (D:5)
  3 orc priests (D:5)
  Crazy Yiuf (D:3)
  3 iguanas
  An orc wizard (D:5)
  Robin (D:3)
  8 adders
  4 worms
  2 dart slugs (D:1)
  14 orcs
  12 ball pythons
  8 endoplasms
  12 giant cockroaches
  15 goblins
  7 hobgoblins
  2 jackals (D:4)
  A quokka (D:2)
  5 bats
  3 frilled lizards
  7 kobolds
  5 rats
121 creatures vanquished.

Vanquished Creatures (others)
  An orc wizard (D:4)
  A goblin (D:4)
2 creatures vanquished.

Grand Total: 123 creatures vanquished

Notes
Turn   | Place    | Note
-------+----------+-------------------------------------------
     0 | D:1      | Fenrisus the Octopode Transmuter began the quest for the
                  | Orb.
     0 | D:1      | Reached XP level 1. HP: 13/13 MP: 3/3
   189 | D:1      | Reached XP level 2. HP: 18/18 MP: 3/5
   351 | D:1      | Reached skill level 1 in Stealth
   471 | D:1      | Reached XP level 3. HP: 17/23 MP: 6/6
   929 | D:2      | Learned a level 3 spell: Spider Form
  1021 | D:2      | Reached XP level 4. HP: 10/29 MP: 7/7
  2474 | D:3      | Reached XP level 5. HP: 25/34 MP: 8/8
  2633 | D:3      | Noticed Robin
  2940 | D:3      | Killed Robin
  3167 | D:3      | Found a runed translucent door.
  3168 | D:3      | Noticed Crazy Yiuf
  3284 | D:3      | Killed Crazy Yiuf
  3528 | D:4      | Found a staircase to the Ecumenical Temple.
  3557 | D:4      | Reached XP level 6. HP: 40/41 MP: 8/10
  3560 | Temple   | Entered the Ecumenical Temple
  3710 | Temple   | Became a worshipper of Gozag Ym Sagoz the Greedy
  4909 | D:5      | Entered Level 5 of the Dungeon
  5007 | D:5      | Found a stormy altar of Qazlal.
  5062 | D:5      | Noticed Blork the orc
  5067 | D:5      | Killed Blork the orc
  5068 | D:5      | Reached XP level 7. HP: 46/46 MP: 11/11
  5650 | D:5      | HP: 1/46 [poisoned by a scorpion]
  5651 | D:5      | Slain by an orc wizard

Illustrated notes

Levels and vault maps discovered:
D:1:      matt_arrival_diagonals, layout_loops_ring, minmay_worlds_worst_comb
D:2:      layout_loops_corners
D:3:      layout_rooms, cheibrodos_sewer_entry_bend, uniq_robin,
          uniq_crazy_yiuf_cottage
D:4:      layout_cave_pods, minmay_temple_entry_tees, kennysheep_generic_room_2
D:5:      layout_layer_cave, grunt_temple_overflow_champion_of_chaos,
          nicolae_overflow_crystal_walls, hangedman_decor_growths,
          uniq_blork_the_orc
Temple:   nicolae_temple_bog_church

Skill      XL: |  1  2  3  4  5  6  7 |
---------------+----------------------+-----
Stealth        | 1 2 3 |  3.0
Fighting       | 2 3 |  3.6
Dodging        | 3 4 |  4.1
Transmutations | 3 4 |  4.0
Unarmed Combat | 4 |  4.8
Spellcasting   | 3 |  3.7

Action                     |  1- 3 |  4- 6 |  7- 9 || total
---------------------------+-------+-------+-------++-------
  Melee: Unarmed           |    73 |    99 |     8 ||   180
         Tentacles         |    16 |    19 |     1 ||    36
         Constrict         |    16 |    31 |     2 ||    49
         Kick              |    13 |    24 |       ||    37
         Punch             |     4 |     2 |       ||     6
         Quarterstaff      |       |    50 |    11 ||    61
   Cast: Beastly Appendage |    15 |    21 |     1 ||    37
         Spider Form       |     2 |     8 |     1 ||    11
  Evoke: Wand              |       |     3 |     5 ||     8
    Use: Scroll            |     4 |     6 |       ||    10
         Potion            |     1 |     3 |     2 ||     6
   Stab: Sleeping          |     7 |     8 |       ||    15
         Distracted        |       |     2 |       ||     2
 Armour: Skin              |     9 |    15 |     2 ||    26
  Dodge: Dodged            |    47 |   112 |    25 ||   184

Table legend: (Time is in decaauts)
 A = Elapsed time spent in this place.
 B = Non-inter-level travel time spent in this place.
 C = Inter-level travel time spent in this place.
 D = Time resting spent in this place.
 E = Time spent auto-exploring this place.
 F = Levels seen in this place.
 G = Mean time per level.
                   A        B        C        D        E       F      G
               +--------+--------+--------+--------+--------+-----+--------+
         Total |   5659 |   4818 |    841 |   1598 |   2364 |   6 |  943.2 |
       Dungeon |   5491 |   4675 |    816 |   1598 |   2237 |   5 | 1098.2 |
        Temple |    167 |    142 |     25 |      0 |    127 |   1 |  167.0 |
               +--------+--------+--------+--------+--------+-----+--------+

Top non-repeatable levels by time:
     D:2: 1632 daAuts
     D:4: 1428 daAuts
     D:3: 875 daAuts
     D:1: 872 daAuts
     D:5: 683 daAuts
  Temple: 167 daAuts
